 Dungeon Crawl Stone Soup version 0.27.1-15-g792fb953b9 (webtiles) character file.

Game seed: 11980285761441393489

1 croobank the Sneak (level 1, -1/18 HPs)
             Began as a Demigod Delver on Nov 20, 2021.
             Slain by a wight (11 damage)
             ... on level 4 of the Dungeon.
             The game lasted 00:02:48 (398 turns).

croobank the Sneak (Demigod Delver)                  Turns: 398, Time: 00:02:51

Health: -1/18      AC:  3    Str: 13    XL:     1   Next: 13%
Magic:  3/3        EV: 11    Int: 12    God:
Gold:   14         SH:  0    Dex: 15    Spells: 0/0 levels left

rFire    . . .     SeeInvis .   a - +0 hand axe
rCold    . . .     Faith    .   (no shield)
rNeg     . . .     Spirit   .   b - +0 leather armour
rPois    .         Reflect  .   (no helmet)
rElec    .         Harm     .   (no cloak)
rCorr    .         Rampage  .   (no gloves)
Will     .....                  (no boots)
Stlth    +++.......             (no amulet)
HPRegen  0.06/turn              (no ring)
MPRegen  0.08/turn              (no ring)

@: no status effects
A: high mp 1, forlorn
a: no special abilities


You were on level 4 of the Dungeon.
You visited 1 branch of the dungeon, and saw 2 of its levels.

You collected 14 gold pieces.

Inventory:

Hand Weapons
 a - a +0 hand axe (weapon)
Missiles
 f - 4 boomerangs (quivered)
Armour
 b - a +0 leather armour (worn)
Wands
 g - a wand of digging (3)
Scrolls
 c - a scroll of fog
 d - a scroll of magic mapping


   Skills:
 + Level 2.7 Fighting
 + Level 1.7 Axes
 + Level 1.7 Dodging
 + Level 4.5 Stealth


You couldn't memorise any spells.
You didn't know any spells.
Your spell library was empty.

Dungeon Overview and Level Annotations

Branches:
Dungeon (5/15)
 Temple: D:4-7

Portals:
Sewer: D:4


Innate Abilities, Weirdness & Mutations

Your attributes grow dramatically as you level up.
You have an increased reservoir of magic. (+10% MP)
You shall have no god before yourself.


Message History

You hear the slow rusting of a very distant drain.
You start resting.
You hear the rusting of a very distant drain.
You start resting.
HP restored.
You hear the rusting of a very distant drain.
You hear the brisk rusting of a very distant drain.
You see here 21 stones.
A wight comes into view.
It is wielding a +3 great sword of freezing.
Found a scale mail.
A wight comes into view. It is wielding a +5 halberd.
A hobgoblin and a wight come into view.
The hobgoblin shouts!
An adder skeleton comes into view.
A ball python comes into view.
A kobold comes into view. It is wielding a +0 club.
The kobold closely misses you.
A wight comes into view. It is wielding a +0 hand axe.
A hound skeleton comes into view.
You hit the kobold but do no damage. The kobold hits you but does no damage.
The kobold hits you with a +0 club. The adder skeleton bites you.
As you read the scroll of fear, it crumbles to dust.
You assume a fearsome visage.
The river rat looks frightened!
The hound skeleton is unaffected.
The wight is unaffected. x3
The adder skeleton is unaffected.
The kobold looks frightened!
The adder skeleton bites you.
You barely miss the adder skeleton. You closely miss the kobold.
You closely miss the hound skeleton. The hound skeleton closely misses you.
The adder skeleton barely misses you. The hound skeleton bites you.
You hit the adder skeleton.
The adder skeleton is moderately damaged.
You hit the hound skeleton. The adder skeleton bites you.
The hound skeleton bites you. The adder skeleton closely misses you.
You hit the adder skeleton but do no damage.
The adder skeleton is moderately damaged.
You barely miss the hound skeleton.
The hound skeleton bites you but does no damage.
The wight hits you from afar with a +5 halberd!
Ouch! That really hurt!
You die...

...........###..
............#....## #.#
.........#.......##.#.#
......#..##...#..z.z#..
......#.. #..##z#......
.......###.....######S
#..........##### .
#..##.Z....# #.
#....@z.z..# .z
#.....Zz..#..... ..
.... #........K......
.. ...#
#....############ ##
...###. ...... #.......
...... ...... .....
....# ..... .5..#.#


You could see 3 wights, a kobold (fleeing), an adder skeleton and a hound
skeleton.

Vanquished Creatures
  A quokka (D:4)
1 creature vanquished.

Notes
Turn   | Place    | Note
-------+----------+-------------------------------------------
     0 | D:5      | croobank the Demigod Delver began the quest for the Orb.
     0 | D:5      | Reached XP level 1. HP: 18/18 MP: 3/3
     6 | D:4      | Found a glowing drain.
   366 | D:4      | Noticed a wight
   375 | D:4      | Noticed a wight
   376 | D:4      | Noticed a wight
   390 | D:4      | Noticed a wight
   398 | D:4      | Slain by a wight

Illustrated notes

Levels and vault maps discovered:
D:4:      layout_cave_pools, lemuel_coloured_pillars_altar,
          portal_sewer_entry_b, minmay_rat_hole
D:5:      layout_cave_pods

Action                   || total
-------------------------++-------
Melee: Hand axe          ||    10
Throw: Boomerang         ||     1
  Use: Scroll            ||     1
       Potion            ||     1
Armor: Leather armour    ||     8
Dodge: Dodged            ||    10
